 Dungeon Crawl Stone Soup version 0.29.0-11-gd7f09526c8 (webtiles) character file.

Game seed: 14693790828607609267

767 Flugkiller the Chopper (level 7, -3/63 HPs)
             Began as a Minotaur Fighter on Sept 4, 2022.
             Killed by divine providence
             ... invoked by an orc priest
              (8 damage)
             ... on level 5 of the Dungeon.
             The game lasted 00:01:19 (3584 turns).

Flugkiller the Chopper (Minotaur Fighter)           Turns: 3584, Time: 00:01:20

Health: -3/63      AC: 15    Str: 27    XL:     7   Next: 52%
Magic:  6/6        EV:  7    Int:  5    God:
Gold:   224        SH:  4    Dex: 11    Spells: 6/6 levels left

rFire   . . .      SeeInvis .   a - +0 war axe
rCold   + . .      Faith    .   f - +0 buckler
rNeg    . . .      Spirit   .   w - +0 plate armour
rPois   .          Reflect  .   (helmet restricted)
rElec   .          Harm     .   (no cloak)
rCorr   .          Rampage  .   (no gloves)
Will    .....                   E - +1 pair of boots
Stlth   ..........              (no amulet)
HPRegen 0.20/turn               e - +6 ring of strength
MPRegen 0.10/turn               c - ring of protection from cold

@: no status effects
A: horns 2, retaliatory headbutt
a: no special abilities


You were on level 5 of the Dungeon.
You visited 1 branch of the dungeon, and saw 5 of its levels.

You collected 224 gold pieces.

Inventory:

Hand Weapons
 a - a +0 war axe (weapon)
Missiles
 r - a throwing net (quivered)
Armour
 b - a +0 scale mail
 f - a +0 buckler (worn)
 w - a +0 plate armour (worn)
   (You found it on level 5 of the Dungeon)
 E - a +1 pair of boots (worn)
   (You found it on level 5 of the Dungeon)
Jewellery
 c - a ring of protection from cold (right hand)
   (You found it on level 1 of the Dungeon)
 e - a +6 ring of strength (left hand)
   (You found it on level 1 of the Dungeon)
 k - a ring of resist corrosion
   (You found it on level 3 of the Dungeon)
Wands
 D - a wand of quicksilver (8)
   (You found it on level 5 of the Dungeon)
Scrolls
 g - 6 scrolls of identify {unknown}
 h - a scroll of magic mapping {unknown}
 i - a scroll of fear {unknown}
 m - 2 scrolls of brand weapon {unknown}
 n - 3 scrolls of vulnerability {unknown}
 o - a scroll of blinking {unknown}
 u - a scroll of fog {unknown}
 v - 2 scrolls of immolation {unknown}
 y - a scroll of enchant weapon {unknown}
 z - 2 scrolls of amnesia {unknown}
 C - a scroll of noise {unknown}
Potions
 d - 2 potions of might
 j - 2 potions of lignification {unknown}
 l - 3 potions of degeneration {unknown}
 p - a potion of flight {unknown}
 q - 3 potions of curing
 s - a potion of haste {unknown}
 t - a potion of brilliance {unknown}
 x - a potion of invisibility {unknown}
 A - a potion of experience {unknown}
 B - 2 potions of heal wounds {unknown}


   Skills:
 + Level 6.2 Fighting
 * Level 7.5 Axes
 + Level 6.1 Armour
 - Level 3.6 Shields


You had 6 spell levels left.
You didn't know any spells.
Your spell library was empty.

Dungeon Overview and Level Annotations

Branches:
Dungeon (5/15)
 Temple: D:4-7

Altars:
Hepliaklqana
The Shining One


Innate Abilities, Weirdness & Mutations

You have a pair of horns on your head.
You reflexively headbutt those who attack you in melee.


Message History

An ogre comes into view. It is wielding a +0 giant spiked club.
The ogre shouts!
An ogre is nearby!
An ogre is nearby!
You block the ogre's attack.
You hit the ogre. You headbutt the ogre.
The ogre is moderately wounded.
The ogre hits you with a +0 giant spiked club!
You hit the ogre but do no damage. You headbutt the ogre!
The ogre is almost dead.
You hit the ogre.
You kill the ogre!
Your Fighting skill increases to level 6!
Your Armour skill increases to level 6!
You see here a +0 giant spiked club.
No target in view!
An adder comes into view.
An adder is nearby!
An adder is nearby!
The adder hisses angrily.
You barely miss the adder. You headbutt the adder!
The adder is severely wounded.
The adder bites you but does no damage. x2
You closely miss the adder.
The adder is severely wounded.
The adder bites you but does no damage.
You miss the adder.
The adder is severely wounded.
The adder closely misses you. You furiously retaliate!
You headbutt the adder, but do no damage.
The adder bites you but does no damage.
You hit the adder. You headbutt the adder.
You kill the adder!
No target in view!
No target in view!
HP restored.
z - 2 scrolls labelled RENNUN OCSA (gained 1)
There is a stone staircase leading up here.
There is a stone staircase leading down here.
A necrophage comes into view.
A necrophage is nearby!
A necrophage is nearby!
A necrophage is nearby!
An adder comes into view.
The adder hisses angrily.
You slash the adder!
The adder is almost dead.
The adder barely misses you. The adder bites you.
You are poisoned.
The adder poisons you!
You slash the adder!
You kill the adder!
You feel sick.
You slash the necrophage!
The necrophage is heavily damaged.
You feel sick. The necrophage hits you.
You slash the necrophage!
The necrophage is almost destroyed.
You feel sick. The necrophage hits you.
You slash the necrophage!
You destroy the necrophage!
You feel sick.
No target in view!
No target in view!
No target in view!
You feel sick.
You feel sick.
You are no longer poisoned.
An orc comes into view.
It is wielding a +0 flail and carrying a wand of mindburst (12).
The orc shouts!
You hear a shout! x2
An orc is nearby!
An orc is nearby!
An orc is nearby!
An orc comes into view. It is wielding a +0 whip.
The orc hits you with a +0 flail.
An orc priest comes into view. It is wielding a +0 whip.
You completely miss the orc. Your headbutt misses the orc.
The orc hits you with a +0 flail.
An orc comes into view. It is wielding a +0 club.
You closely miss the orc.
The orc shouts!
You block the orc's attack.
An orc comes into view. It is wielding a +0 mace.
You closely miss the orc.
The orc shouts!
You headbutt the orc.
The orc is moderately wounded.
The orc zaps a wand.
Your mind is blasted!
The orc priest calls down the wrath of Beogh upon you.
Beogh smites you!
You are too injured to fight recklessly!
You closely miss the orc.
The orc is moderately wounded.
The orc cheers repeatedly, as Orcs often do.
The orc zaps a wand.
Your mind is blasted!
* * * LOW HITPOINT WARNING * * *
A phantom comes into view.
The orc priest calls down the wrath of Beogh upon you.
Beogh smites you!
You die...

### .. .# ###.###
##..... ##...o#
######.!.@.##..#
...........o..o#
#.#######.....#..ooW
#.........†...# .###
#.######.###### #
#.#####.>.#####
#...............
#...###...##.###
#...# ##.......


You could see a phantom, an orc priest and 4 orcs.

Vanquished Creatures
  2 ogres
  2 necrophages
  2 scorpions (D:4)
  A howler monkey (D:5)
  A jelly (D:4)
  3 hounds
  Natasha (D:2)
  An orc wizard (D:3)
  Robin (D:2)
  7 adders
  A worm (D:2)
  2 dart slugs
  4 orcs
  5 endoplasms
  A giant cockroach (D:3)
  18 goblins
  4 hobgoblins
  6 jackals (D:1)
  4 quokkas
  3 ball pythons
  2 bats (D:3)
  2 frilled lizards
  7 kobolds
  A rat (D:3)
81 creatures vanquished.

Notes
Turn   | Place    | Note
-------+----------+-------------------------------------------
     0 | D:1      | Flugkiller the Minotaur Fighter began the quest for the
                  | Orb.
     0 | D:1      | Reached XP level 1. HP: 19/19 MP: 0/0
   110 | D:1      | Reached XP level 2. HP: 25/27 MP: 1/1
   112 | D:1      | Reached skill level 3 in Axes
   600 | D:1      | Reached XP level 3. HP: 32/33 MP: 2/2
  1120 | D:2      | Noticed Natasha
  1132 | D:2      | Killed Natasha
  1133 | D:2      | Reached skill level 4 in Axes
  1133 | D:2      | Reached XP level 4. HP: 25/41 MP: 3/3
  1396 | D:2      | Noticed Robin
  1409 | D:2      | Killed Robin
  1713 | D:3      | Found a faded altar of an unknown god.
  1753 | D:3      | Reached XP level 5. HP: 42/47 MP: 4/4
  1874 | D:3      | Found a glowing golden altar of the Shining One.
  2186 | D:3      | Found a faded altar of an unknown god.
  2369 | D:4      | Reached skill level 5 in Axes
  2505 | D:4      | Reached skill level 5 in Fighting
  2505 | D:4      | Reached skill level 5 in Armour
  2680 | D:4      | Noticed an ogre
  2687 | D:4      | Killed an ogre
  2688 | D:4      | Reached skill level 6 in Axes
  2688 | D:4      | Reached XP level 6. HP: 25/56 MP: 5/5
  3174 | D:4      | Found a hazy altar of Hepliaklqana.
  3298 | D:5      | Entered Level 5 of the Dungeon
  3353 | D:5      | Reached XP level 7. HP: 62/62 MP: 6/6
  3428 | D:5      | Reached skill level 7 in Axes
  3584 | D:5      | Killed from afar by an orc priest

Illustrated notes

Levels and vault maps discovered:
D:1:      amcnicky_arrival_choice, layout_loops_ring
D:2:      layout_basic, grunt_ministairs_10, minmay_misc_feat_nine_boxes,
          uniq_robin, uniq_natasha
D:3:      layout_loops_cross, nicolae_overflow_ecumenical_swirl,
          shapermc_ecumenical_altar_totnotflames
D:4:      layout_gridville, kennysheep_mini
D:5:      layout_loops_ring, mainiacjoe_overflow_catwalk, serial_shops, shop

Skill      XL: |  1  2  3  4  5  6  7 |
---------------+----------------------+-----
Axes           | 3 4 6 7 |  7.5
Fighting       | 4 5 6 |  6.2
Armour         | 4 5 6 |  6.1
Shields        | |  3.6

Action                   |  1- 3 |  4- 6 |  7- 9 || total
-------------------------+-------+-------+-------++-------
Melee: War axe           |    72 |    83 |    20 ||   175
       Headbutt          |    10 |     8 |     6 ||    24
Armor: Scale mail        |    33 |    47 |       ||    80
       Plate armour      |       |       |     5 ||     5
Dodge: Dodged            |    35 |    43 |     3 ||    81
Block: Buckler           |    17 |    19 |     2 ||    38
